2744 views
Uploaded 2024-10-05 04:03:31
Game version 1.36 (6115)
66:31 long 3on3 ladder game on (8)Battleground_LV
Saved by GIGA
2744 views
Uploaded 2024-10-05 04:03:31
Game version 1.36 (6115)
66:31 long 3on3 ladder game on (8)Battleground_LV


266 units @ 34.1k
/ 6k
251 buildings @ 23.9k
/ 13.7k


| Scroll of Regeneration | 13 | 1300 |
| Staff of Sanctuary | 2 | 500 |
| Lesser Clarity Potion | 9 | 630 |
| Potion of Healing | 4 | 600 |
| Orb of Fire | 1 | 325 |
| Scroll of Town Portal | 3 | 1050 |
| Circlet of Nobility | 1 | 175 |
| total: | 33 | 4580g |
| Peasant | 54 | 4050 | / | 0 |
| Footman | 10 | 1350 | / | 0 |
| Mortar Team | 41 | 7380 | / | 2870 |
| Knight | 3 | 735 | / | 180 |
| Siege Engine | 6 | 1170 | / | 360 |
| total: | 114 | 14685g | / | 3410w |
| Scout Tower | 131 | 3930 | / | 2620 |
| Arcane Tower | 21 | 1470 | / | 1050 |
| Guard Tower | 57 | 3990 | / | 2850 |
| Altar of Kings | 1 | 180 | / | 50 |
| Barracks | 2 | 320 | / | 120 |
| Farm | 9 | 720 | / | 180 |
| Town Hall | 8 | 3080 | / | 1640 |
| Lumber Mill | 2 | 240 | / | 0 |
| Blacksmith | 1 | 140 | / | 60 |
| Arcane Vault | 3 | 390 | / | 90 |
| Cannon Tower | 6 | 720 | / | 600 |
| Workshop | 12 | 1680 | / | 1680 |
| Arcane Sanctum | 1 | 150 | / | 140 |
| Keep | 1 | 320 | / | 210 |
| Castle | 1 | 360 | / | 210 |
| total: | 170 | 10830g | / | 6580w |
| 0:02 | Peasant |
| 0:02 | Peasant |
| 0:02 | Peasant |
| 0:11 | Altar of Kings |
| 0:19 | Barracks |
| 0:34 | Farm |
| 0:36 | Peasant |
| 0:37 | Peasant |
| 0:43 | Peasant |
| 0:43 | Peasant |
| 0:59 | Farm |
| 1:02 | Peasant |
| 1:02 | Peasant |
| 1:20 | Footman |
| 1:25 | Peasant |
| 1:37 | Farm |
| 1:41 | Footman |
| 1:50 | Peasant |
| 2:03 | Defend |
| 2:12 | Peasant |
| 2:14 | Summon Water Elemental |
| 2:24 | Peasant |
| 2:24 | Peasant |
| 2:41 | Peasant |
| 2:41 | Peasant |
| 2:41 | Peasant |
| 2:42 | Peasant |
| 3:07 | Brilliance Aura |
| 3:13 | Peasant |
| 3:25 | Town Hall |
| 3:45 | Scout Tower |
| 3:49 | Footman |
| 3:55 | Farm |
| 4:18 | Arcane Tower |
| 4:22 | Farm |
| 4:25 | Scout Tower |
| 4:44 | Keep |
| 5:03 | Arcane Tower |
| 5:04 | Footman |
| 5:04 | Footman |
| 5:04 | Footman |
| 5:11 | Lumber Mill |
| 5:18 | Peasant |
| 5:18 | Peasant |
| 5:38 | Blizzard |
| 5:49 | Footman |
| 5:49 | Footman |
| 5:52 | Blacksmith |
| 5:57 | Scout Tower |
| 5:58 | Scout Tower |
| 6:15 | Arcane Vault |
| 6:34 | Footman |
| 6:34 | Footman |
| 6:46 | Guard Tower |
| 6:48 | Farm |
| 7:06 | Castle |
| 7:09 | Improved Lumber Harvesting |
| 7:35 | Farm |
| 7:43 | Incinerate |
| 8:11 | Blizzard |
| 8:25 | Circlet of Nobility |
| 8:37 | Barracks |
| 8:41 | Workshop |
| 8:41 | Workshop |
| 8:43 | Advanced Lumber Harvesting |
| 9:24 | Workshop |
| 9:24 | Workshop |
| 9:28 | Black Gunpowder |
| 9:55 | Farm |
| 9:57 | Mortar Team |
| 9:57 | Mortar Team |
| 9:57 | Mortar Team |
| 9:57 | Fragmentation Shards |
| 10:16 | Flare |
| 10:33 | Refined Gunpowder |
| 10:34 | Imbued Gunpowder |
| 10:37 | Farm |
| 10:39 | Mortar Team |
| 10:39 | Mortar Team |
| 11:08 | Mortar Team |
| 11:10 | Mortar Team |
| 11:28 | Scout Tower |
| 11:28 | Scout Tower |
| 11:29 | Scout Tower |
| 11:30 | Scout Tower |
| 11:32 | Scout Tower |
| 11:35 | Scout Tower |
| 11:48 | Mortar Team |
| 11:49 | Mortar Team |
| 11:52 | Mortar Team |
| 12:47 | Mortar Team |
| 12:49 | Cannon Tower |
| 13:17 | Guard Tower |
| 14:36 | Mortar Team |
| 15:07 | Soul Burn |
| 16:11 | Mortar Team |
| 16:11 | Mortar Team |
| 16:11 | Mortar Team |
| 16:11 | Mortar Team |
| 16:11 | Mortar Team |
| 16:38 | Barrage |
| 16:41 | Peasant |
| 16:41 | Peasant |
| 16:41 | Peasant |
| 16:41 | Peasant |
| 16:41 | Peasant |
| 16:41 | Peasant |
| 19:00 | Scout Tower |
| 19:00 | Scout Tower |
| 19:03 | Siege Engine |
| 19:09 | Town Hall |
| 19:11 | Scout Tower |
| 19:16 | Workshop |
| 19:47 | Town Hall |
| 19:51 | Scout Tower |
| 19:52 | Scout Tower |
| 19:53 | Scout Tower |
| 19:53 | Scout Tower |
| 20:34 | Guard Tower |
| 20:35 | Scout Tower |
| 20:36 | Scout Tower |
| 20:40 | Siege Engine |
| 20:41 | Siege Engine |
| 20:41 | Siege Engine |
| 20:48 | Guard Tower |
| 20:49 | Scout Tower |
| 20:51 | Guard Tower |
| 20:55 | Workshop |
| 20:57 | Workshop |
| 20:59 | Peasant |
| 20:59 | Peasant |
| 21:00 | Peasant |
| 21:00 | Peasant |
| 21:00 | Peasant |
| 21:00 | Peasant |
| 21:23 | Guard Tower |
| 21:24 | Scout Tower |
| 21:27 | Peasant |
| 21:27 | Peasant |
| 21:27 | Peasant |
| 21:27 | Peasant |
| 21:27 | Peasant |
| 21:28 | Peasant |
| 21:28 | Peasant |
| 21:28 | Peasant |
| 21:30 | Scroll of Regeneration |
| 21:30 | Scroll of Regeneration |
| 21:57 | Workshop |
| 21:58 | Workshop |
| 22:00 | Mortar Team |
| 22:00 | Mortar Team |
| 22:09 | Arcane Tower |
| 22:25 | Incinerate |
| 22:46 | Peasant |
| 22:46 | Peasant |
| 22:47 | Peasant |
| 22:47 | Peasant |
| 22:47 | Peasant |
| 22:47 | Peasant |
| 22:51 | Scroll of Town Portal |
| 22:51 | Staff of Sanctuary |
| 22:54 | Scroll of Regeneration |
| 22:56 | Lesser Clarity Potion |
| 23:10 | Siege Engine |
| 23:17 | Scout Tower |
| 23:19 | Scout Tower |
| 23:19 | Scout Tower |
| 23:23 | Lesser Clarity Potion |
| 23:23 | Lesser Clarity Potion |
| 23:27 | Staff of Sanctuary |
| 23:56 | Arcane Tower |
| 24:36 | Blizzard |
| 25:04 | Siege Engine |
| 25:07 | Guard Tower |
| 26:19 | Town Hall |
| 26:21 | Scout Tower |
| 26:21 | Scout Tower |
| 26:22 | Scout Tower |
| 26:22 | Scout Tower |
| 26:55 | Lumber Mill |
| 27:06 | Scroll of Town Portal |
| 27:07 | Scroll of Regeneration |
| 27:22 | Iron Plating |
| 27:35 | Guard Tower |
| 27:36 | Scout Tower |
| 28:00 | Scout Tower |
| 28:00 | Scout Tower |
| 28:01 | Scout Tower |
| 28:12 | Scout Tower |
| 28:13 | Guard Tower |
| 28:15 | Scout Tower |
| 28:33 | Scout Tower |
| 28:52 | Guard Tower |
| 28:53 | Guard Tower |
| 28:59 | Town Hall |
| 29:06 | Guard Tower |
| 29:36 | Guard Tower |
| 29:38 | Scout Tower |
| 29:39 | Scout Tower |
| 29:56 | Scout Tower |
| 29:57 | Scout Tower |
| 29:57 | Scout Tower |
| 29:59 | Scout Tower |
| 30:20 | Scout Tower |
| 30:23 | Guard Tower |
| 30:25 | Scout Tower |
| 30:25 | Scout Tower |
| 30:45 | Scout Tower |
| 30:56 | Scout Tower |
| 30:56 | Guard Tower |
| 31:10 | Guard Tower |
| 31:10 | Scout Tower |
| 31:12 | Scout Tower |
| 31:12 | Guard Tower |
| 31:25 | Guard Tower |
| 31:26 | Scout Tower |
| 31:47 | Arcane Tower |
| 31:49 | Town Hall |
| 31:51 | Guard Tower |
| 31:54 | Scout Tower |
| 32:06 | Guard Tower |
| 32:08 | Scout Tower |
| 32:19 | Arcane Tower |
| 32:20 | Guard Tower |
| 32:40 | Scout Tower |
| 32:41 | Guard Tower |
| 32:42 | Guard Tower |
| 33:00 | Scout Tower |
| 33:00 | Scout Tower |
| 33:01 | Scout Tower |
| 33:01 | Scout Tower |
| 33:08 | Guard Tower |
| 33:44 | Guard Tower |
| 34:54 | Scout Tower |
| 34:54 | Scout Tower |
| 34:56 | Scout Tower |
| 34:56 | Scout Tower |
| 34:57 | Scout Tower |
| 34:57 | Scout Tower |
| 34:58 | Scout Tower |
| 35:02 | Arcane Tower |
| 35:03 | Arcane Sanctum |
| 35:04 | Guard Tower |
| 35:05 | Scout Tower |
| 35:25 | Guard Tower |
| 35:27 | Guard Tower |
| 35:30 | Guard Tower |
| 35:37 | Arcane Tower |
| 35:44 | Scout Tower |
| 35:48 | Scout Tower |
| 35:50 | Scout Tower |
| 35:52 | Scout Tower |
| 36:31 | Guard Tower |
| 36:35 | Scout Tower |
| 36:43 | Guard Tower |
| 36:46 | Scout Tower |
| 37:29 | Guard Tower |
| 37:41 | Scout Tower |
| 37:43 | Scout Tower |
| 38:11 | Peasant |
| 38:11 | Peasant |
| 38:16 | Arcane Tower |
| 38:55 | Scout Tower |
| 38:55 | Scout Tower |
| 39:05 | Scout Tower |
| 39:06 | Scout Tower |
| 39:07 | Scout Tower |
| 39:15 | Scout Tower |
| 39:15 | Scout Tower |
| 39:21 | Scout Tower |
| 39:22 | Scout Tower |
| 39:23 | Scout Tower |
| 39:25 | Guard Tower |
| 39:28 | Town Hall |
| 39:30 | Scout Tower |
| 39:32 | Scout Tower |
| 39:32 | Scout Tower |
| 39:33 | Scout Tower |
| 39:35 | Guard Tower |
| 39:37 | Arcane Tower |
| 39:38 | Scout Tower |
| 39:38 | Scout Tower |
| 39:42 | Guard Tower |
| 39:43 | Scout Tower |
| 39:51 | Arcane Tower |
| 39:52 | Guard Tower |
| 39:54 | Scout Tower |
| 39:54 | Scout Tower |
| 39:57 | Scout Tower |
| 39:59 | Arcane Tower |
| 40:01 | Arcane Tower |
| 40:21 | Scout Tower |
| 40:21 | Scout Tower |
| 40:22 | Scout Tower |
| 40:28 | Guard Tower |
| 40:31 | Cannon Tower |
| 40:36 | Scout Tower |
| 40:36 | Scout Tower |
| 40:57 | Guard Tower |
| 40:59 | Scout Tower |
| 40:59 | Scout Tower |
| 41:00 | Scout Tower |
| 41:11 | Peasant |
| 41:11 | Peasant |
| 41:16 | Mortar Team |
| 41:17 | Mortar Team |
| 41:17 | Mortar Team |
| 41:17 | Mortar Team |
| 41:23 | Knight |
| 41:23 | Knight |
| 41:23 | Knight |
| 41:23 | Sundering Blades |
| 41:24 | Animal War Training |
| 41:28 | Guard Tower |
| 41:30 | Scout Tower |
| 41:30 | Scout Tower |
| 41:30 | Scout Tower |
| 41:33 | Cannon Tower |
| 41:35 | Scout Tower |
| 42:06 | Potion of Healing |
| 42:06 | Potion of Healing |
| 42:12 | Guard Tower |
| 42:15 | Scout Tower |
| 42:15 | Scout Tower |
| 42:16 | Scout Tower |
| 42:20 | Scout Tower |
| 43:08 | Cannon Tower |
| 43:55 | Lesser Clarity Potion |
| 43:55 | Lesser Clarity Potion |
| 43:58 | Town Hall |
| 44:34 | Mortar Team |
| 44:34 | Mortar Team |
| 46:12 | Peasant |
| 46:12 | Peasant |
| 46:13 | Peasant |
| 47:19 | Mortar Team |
| 47:19 | Mortar Team |
| 49:39 | Mortar Team |
| 49:39 | Mortar Team |
| 49:54 | Scout Tower |
| 49:54 | Scout Tower |
| 49:55 | Scout Tower |
| 49:55 | Scout Tower |
| 50:06 | Scout Tower |
| 50:25 | Guard Tower |
| 51:31 | Arcane Vault |
| 52:03 | Mortar Team |
| 52:03 | Mortar Team |
| 52:03 | Mortar Team |
| 52:04 | Mortar Team |
| 52:38 | Scroll of Regeneration |
| 52:38 | Scroll of Regeneration |
| 53:06 | Scout Tower |
| 53:34 | Arcane Tower |
| 53:35 | Scout Tower |
| 53:38 | Lesser Clarity Potion |
| 53:38 | Lesser Clarity Potion |
| 53:38 | Lesser Clarity Potion |
| 54:56 | Scout Tower |
| 55:17 | Arcane Vault |
| 55:23 | Guard Tower |
| 55:25 | Scout Tower |
| 55:51 | Guard Tower |
| 56:54 | Soul Burn |
| 57:04 | Scroll of Regeneration |
| 57:04 | Scroll of Regeneration |
| 57:30 | Scout Tower |
| 57:30 | Scout Tower |
| 57:35 | Mortar Team |
| 57:35 | Mortar Team |
| 57:35 | Mortar Team |
| 57:35 | Mortar Team |
| 57:35 | Mortar Team |
| 57:39 | Scout Tower |
| 57:41 | Scout Tower |
| 57:59 | Arcane Tower |
| 58:13 | Arcane Tower |
| 58:14 | Scout Tower |
| 59:33 | Arcane Tower |
| 59:34 | Scout Tower |
| 60:21 | Cannon Tower |
| 60:22 | Scout Tower |
| 60:26 | Scout Tower |
| 60:27 | Scout Tower |
| 60:27 | Scout Tower |
| 61:37 | Scroll of Regeneration |
| 61:37 | Lesser Clarity Potion |
| 61:40 | Scroll of Town Portal |
| 61:41 | Potion of Healing |
| 61:41 | Orb of Fire |
| 61:43 | Potion of Healing |
| 62:00 | Scout Tower |
| 62:00 | Scout Tower |
| 62:23 | Guard Tower |
| 62:26 | Scout Tower |
| 62:27 | Scout Tower |
| 62:46 | Steel Plating |
| 63:17 | Arcane Tower |
| 63:50 | Mortar Team |
| 63:50 | Mortar Team |
| 63:51 | Mortar Team |
| 63:53 | Workshop |
| 63:54 | Workshop |
| 63:55 | Workshop |
| 64:35 | Scroll of Regeneration |
| 64:35 | Scroll of Regeneration |
| 65:03 | Scroll of Regeneration |
| 65:03 | Scroll of Regeneration |
| Right click | 2309 |
| Select group | 1097 |
| Select | 1062 |
| Build/train/purchase | 516 |
| Assign group | 404 |
| Misc. action | 200 |
| Use ability | 181 |
| Minimap ping | 29 |
| Resource trade | 10 |
| Esc | 8 |
| Item give/drop | 2 |



x1)
| Staff of Sanctuary | 2 | 500 |
| Orb of Fire | 2 | 650 |
| Scroll of Regeneration | 2 | 200 |
| Scroll of Healing | 10 | 2500 |
| Scroll of Town Portal | 4 | 1400 |
| Tome of Retraining | 1 | 300 |
| Potion of Lesser Invulnerability | 7 | 1050 |
| Staff of Teleportation | 1 | 150 |
| Boots of Speed | 2 | 500 |
| Orb of Venom | 1 | 325 |
| total: | 32 | 7575g |
| Peasant | 31 | 2325 | / | 0 |
| Footman | 9 | 1215 | / | 0 |
| Rifleman | 6 | 1230 | / | 180 |
| Dragonhawk Rider | 6 | 1200 | / | 180 |
| Siege Engine | 6 | 1170 | / | 360 |
| Priest | 14 | 1890 | / | 140 |
| Sorceress | 6 | 930 | / | 120 |
| Flying Machine | 14 | 1400 | / | 420 |
| Knight | 4 | 980 | / | 240 |
| Spell Breaker | 3 | 645 | / | 90 |
| total: | 99 | 12985g | / | 1730w |
| Scout Tower | 9 | 270 | / | 180 |
| Arcane Tower | 4 | 280 | / | 200 |
| Guard Tower | 3 | 210 | / | 150 |
| Altar of Kings | 1 | 180 | / | 50 |
| Barracks | 2 | 320 | / | 120 |
| Farm | 12 | 960 | / | 240 |
| Town Hall | 4 | 1540 | / | 820 |
| Blacksmith | 1 | 140 | / | 60 |
| Lumber Mill | 1 | 120 | / | 0 |
| Arcane Vault | 2 | 260 | / | 60 |
| Gryphon Aviary | 3 | 420 | / | 450 |
| Arcane Sanctum | 5 | 750 | / | 700 |
| Workshop | 8 | 1120 | / | 1120 |
| Keep | 2 | 640 | / | 420 |
| Castle | 2 | 720 | / | 420 |
| total: | 48 | 6080g | / | 3800w |
| 0:02 | Peasant |
| 0:02 | Peasant |
| 0:04 | Altar of Kings |
| 0:19 | Barracks |
| 0:27 | Peasant |
| 0:34 | Farm |
| 0:45 | Peasant |
| 0:45 | Peasant |
| 0:57 | Peasant |
| 1:00 | Farm |
| 1:14 | Peasant |
| 1:21 | Footman |
| 1:28 | Farm |
| 1:45 | Footman |
| 1:45 | Footman |
| 1:50 | Peasant |
| 1:50 | Peasant |
| 2:05 | Footman |
| 2:05 | Footman |
| 2:10 | Peasant |
| 2:10 | Peasant |
| 2:17 | Summon Water Elemental |
| 2:29 | Footman |
| 2:43 | Peasant |
| 2:56 | Footman |
| 3:02 | Brilliance Aura |
| 3:17 | Town Hall |
| 3:40 | Farm |
| 3:43 | Scout Tower |
| 4:09 | Footman |
| 4:21 | Peasant |
| 4:21 | Peasant |
| 4:38 | Arcane Tower |
| 4:40 | Peasant |
| 4:40 | Peasant |
| 5:30 | Footman |
| 5:31 | Keep |
| 5:32 | Blacksmith |
| 5:50 | Defend |
| 5:56 | Farm |
| 5:58 | Lumber Mill |
| 6:27 | Barracks |
| 6:33 | Scout Tower |
| 6:34 | Peasant |
| 6:48 | Rifleman |
| 6:50 | Farm |
| 6:52 | Black Gunpowder |
| 7:12 | Improved Lumber Harvesting |
| 7:12 | Improved Masonry |
| 7:18 | Rifleman |
| 7:32 | Brilliance Aura |
| 7:39 | Farm |
| 7:40 | Farm |
| 7:56 | Tome of Retraining |
| 7:56 | Retrain Hero |
| 8:03 | Scroll of Healing |
| 8:16 | Long Rifles |
| 8:22 | Castle |
| 8:24 | Brilliance Aura |
| 8:24 | Blizzard |
| 8:25 | Blizzard |
| 9:04 | Gryphon Aviary |
| 9:05 | Gryphon Aviary |
| 9:10 | Storm Bolt |
| 9:26 | Advanced Lumber Harvesting |
| 9:28 | Studded Leather Armor |
| 9:38 | Potion of Lesser Invulnerability |
| 9:39 | Staff of Teleportation |
| 9:39 | Scroll of Healing |
| 9:40 | Boots of Speed |
| 9:51 | Gryphon Aviary |
| 10:57 | Scroll of Healing |
| 10:57 | Potion of Lesser Invulnerability |
| 11:29 | Arcane Vault |
| 11:34 | Arcane Tower |
| 11:35 | Scout Tower |
| 11:36 | Scout Tower |
| 11:43 | Reinforced Leather Armor |
| 11:43 | Dragonhide Armor |
| 11:43 | Iron Forged Swords |
| 11:54 | Animal War Training |
| 12:37 | Cloud |
| 12:38 | Dragonhawk Rider |
| 12:40 | Dragonhawk Rider |
| 12:43 | Arcane Sanctum |
| 12:49 | Peasant |
| 12:49 | Peasant |
| 12:50 | Peasant |
| 13:24 | Dragonhawk Rider |
| 13:41 | Guard Tower |
| 13:43 | Arcane Vault |
| 14:04 | Bash |
| 14:30 | Dragonhawk Rider |
| 14:32 | Steel Forged Swords |
| 14:35 | Magic Sentry |
| 15:39 | Brilliance Aura |
| 15:50 | Dragonhawk Rider |
| 16:14 | Dragonhawk Rider |
| 16:42 | Workshop |
| 16:57 | Rifleman |
| 17:00 | Workshop |
| 17:37 | Rifleman |
| 17:56 | Mana Burn |
| 18:08 | Potion of Lesser Invulnerability |
| 18:09 | Scroll of Healing |
| 18:19 | Rifleman |
| 18:22 | Refined Gunpowder |
| 18:22 | Imbued Gunpowder |
| 18:24 | Holy Light |
| 18:31 | Staff of Sanctuary |
| 18:32 | Orb of Fire |
| 18:32 | Scroll of Regeneration |
| 18:40 | Barrage |
| 18:54 | Siege Engine |
| 19:22 | Workshop |
| 19:25 | Scroll of Town Portal |
| 19:35 | Orb of Fire |
| 20:09 | Siege Engine |
| 20:48 | Siege Engine |
| 21:16 | Flak Cannons |
| 21:17 | Iron Plating |
| 21:47 | Advanced Masonry |
| 21:47 | Imbued Masonry |
| 22:01 | Storm Bolt |
| 22:14 | Farm |
| 22:16 | Divine Shield |
| 22:50 | Sundering Blades |
| 23:10 | Farm |
| 23:50 | Orb of Venom |
| 25:32 | Scroll of Regeneration |
| 26:03 | Town Hall |
| 26:21 | Scroll of Healing |
| 26:21 | Potion of Lesser Invulnerability |
| 27:26 | Priest Adept Training |
| 27:27 | Priest |
| 27:27 | Priest |
| 27:27 | Sorceress |
| 27:34 | Town Hall |
| 27:49 | Flying Machine |
| 27:49 | Flying Machine |
| 27:49 | Flying Machine |
| 27:50 | Flying Machine |
| 27:50 | Flying Machine |
| 27:50 | Flying Machine |
| 27:50 | Flying Machine |
| 27:52 | Steel Plating |
| 28:11 | Flying Machine |
| 28:11 | Flying Machine |
| 28:23 | Scroll of Town Portal |
| 28:24 | Scroll of Healing |
| 28:24 | Scroll of Healing |
| 28:51 | Rifleman |
| 28:53 | Flying Machine |
| 28:53 | Flying Machine |
| 30:18 | Farm |
| 33:15 | Peasant |
| 33:15 | Peasant |
| 33:15 | Peasant |
| 33:21 | Scout Tower |
| 33:22 | Scout Tower |
| 33:51 | Arcane Tower |
| 33:53 | Scout Tower |
| 34:03 | Workshop |
| 35:34 | Guard Tower |
| 35:35 | Scout Tower |
| 35:40 | Peasant |
| 35:40 | Peasant |
| 35:44 | Workshop |
| 36:02 | Town Hall |
| 36:26 | Flying Machine |
| 36:28 | Workshop |
| 36:30 | Mithril Plating |
| 37:33 | Peasant |
| 37:35 | Workshop |
| 37:40 | Priest |
| 37:40 | Sorceress |
| 37:51 | Siege Engine |
| 38:08 | Peasant |
| 38:08 | Peasant |
| 38:43 | Peasant |
| 38:43 | Peasant |
| 39:01 | Flying Machine |
| 39:37 | Peasant |
| 40:03 | Scout Tower |
| 40:04 | Arcane Sanctum |
| 40:07 | Siege Engine |
| 40:07 | Siege Engine |
| 40:09 | Scroll of Town Portal |
| 40:13 | Staff of Sanctuary |
| 40:48 | Blizzard |
| 40:50 | Holy Light |
| 40:50 | Holy Light |
| 41:16 | Knight |
| 41:35 | Sorceress |
| 41:36 | Priest Master Training |
| 42:21 | Scroll of Town Portal |
| 42:24 | Potion of Lesser Invulnerability |
| 42:25 | Boots of Speed |
| 43:03 | Mithril Forged Swords |
| 43:55 | Priest |
| 43:55 | Sorceress |
| 46:11 | Priest |
| 46:11 | Priest |
| 46:15 | Knight |
| 46:35 | Arcane Sanctum |
| 46:38 | Workshop |
| 47:21 | Priest |
| 47:21 | Sorceress |
| 49:10 | Bash |
| 49:11 | Bash |
| 49:25 | Priest |
| 49:25 | Priest |
| 49:34 | Priest |
| 49:34 | Spell Breaker |
| 49:40 | Farm |
| 49:41 | Arcane Sanctum |
| 49:54 | Scroll of Healing |
| 49:54 | Scroll of Healing |
| 49:55 | Potion of Lesser Invulnerability |
| 50:03 | Knight |
| 51:56 | Control Magic |
| 52:35 | Priest |
| 52:36 | Spell Breaker |
| 54:02 | Potion of Lesser Invulnerability |
| 54:02 | Scroll of Healing |
| 54:54 | Flying Machine |
| 55:53 | Priest |
| 55:54 | Sorceress |
| 57:32 | Knight |
| 57:39 | Priest |
| 59:36 | Priest |
| 60:19 | Spell Breaker |
| 64:30 | Arcane Sanctum |
| Select group | 10047 |
| Right click | 4147 |
| Select | 2198 |
| Misc. action | 1092 |
| Build/train/purchase | 397 |
| Use ability | 198 |
| Assign group | 119 |
| Item give/drop | 9 |
| Esc | 9 |
| Chat | 4 |
| Remove unit | 1 |
| Minimap ping | 1 |



| Lesser Clarity Potion | 2 | 140 |
| Staff of Preservation | 1 | 150 |
| Orb of Venom | 1 | 325 |
| Scroll of Town Portal | 2 | 700 |
| Dust of Appearance | 1 | 75 |
| Staff of Teleportation | 2 | 300 |
| Potion of Lesser Invulnerability | 1 | 150 |
| Boots of Speed | 1 | 250 |
| Orb of Fire | 1 | 325 |
| total: | 12 | 2415g |
| Wisp | 36 | 2160 | / | 0 |
| Archer | 4 | 520 | / | 40 |
| Druid of the Claw | 4 | 1020 | / | 320 |
| Chimaera | 7 | 2310 | / | 490 |
| Forest Troll Shadow Priest | 1 | 195 | / | 10 |
| Forest Troll Berserker | 1 | 245 | / | 30 |
| total: | 53 | 6450g | / | 890w |
| Altar of Elders | 3 | 540 | / | 150 |
| Moon Well | 11 | 1980 | / | 440 |
| Ancient of War | 1 | 150 | / | 60 |
| Ancient of Wonders | 3 | 270 | / | 90 |
| Tree of Life | 9 | 3060 | / | 1665 |
| Hunter's Hall | 1 | 210 | / | 100 |
| Ancient of Lore | 2 | 310 | / | 290 |
| Chimaera Roost | 3 | 420 | / | 570 |
| Tree of Ages | 4 | 1280 | / | 720 |
| Tree of Eternity | 5 | 1650 | / | 1000 |
| total: | 33 | 6940g | / | 3365w |
| 0:02 | Wisp |
| 0:02 | Wisp |
| 0:07 | Altar of Elders |
| 0:19 | Moon Well |
| 0:24 | Ancient of War |
| 0:32 | Wisp |
| 0:32 | Wisp |
| 0:33 | Wisp |
| 0:33 | Wisp |
| 0:33 | Wisp |
| 0:33 | Wisp |
| 0:33 | Wisp |
| 0:41 | Wisp |
| 0:47 | Wisp |
| 0:57 | Wisp |
| 1:08 | Wisp |
| 1:15 | Wisp |
| 1:25 | Archer |
| 1:35 | Moon Well |
| 1:38 | Wisp |
| 1:44 | Wisp |
| 1:53 | Wisp |
| 2:11 | Ancient of Wonders |
| 2:20 | Immolation |
| 2:33 | Wisp |
| 2:33 | Wisp |
| 2:33 | Wisp |
| 3:07 | Tree of Life |
| 3:15 | Evasion |
| 3:17 | Moon Well |
| 3:19 | Moon Well |
| 3:20 | Wisp |
| 3:36 | Tree of Ages |
| 3:48 | Archer |
| 4:08 | Archer |
| 4:21 | Archer |
| 4:55 | Hunter's Hall |
| 5:13 | Forest Troll Shadow Priest |
| 5:21 | Forest Troll Berserker |
| 5:27 | Mana Burn |
| 5:53 | Ancient of Wonders |
| 6:04 | Frost Arrows |
| 6:32 | Wisp |
| 6:42 | Ancient of Lore |
| 6:44 | Ancient of Lore |
| 6:45 | Wisp |
| 7:14 | Tree of Eternity |
| 7:18 | Moon Well |
| 7:36 | Strength of the Wild |
| 7:36 | Ultravision |
| 7:40 | Moon Well |
| 7:56 | Moon Well |
| 7:59 | Forked Lightning |
| 8:09 | Staff of Teleportation |
| 8:09 | Potion of Lesser Invulnerability |
| 8:11 | Abolish Magic |
| 8:12 | Druid of the Claw Adept Training |
| 8:38 | Druid of the Claw |
| 9:17 | Druid of the Claw |
| 9:22 | Moon Well |
| 9:46 | Druid of the Claw Master Training |
| 10:32 | Druid of the Claw |
| 10:32 | Mark of the Claw |
| 10:43 | Improved Strength of the Wild |
| 10:45 | Wisp |
| 10:56 | Wisp |
| 11:31 | Druid of the Claw |
| 25:23 | Tree of Life |
| 31:02 | Tree of Life |
| 31:38 | Tree of Life |
| 32:27 | Altar of Elders |
| 32:51 | Tree of Life |
| 33:29 | Tree of Life |
| 34:23 | Wisp |
| 34:24 | Wisp |
| 34:24 | Wisp |
| 34:24 | Wisp |
| 34:25 | Wisp |
| 35:57 | Tree of Life |
| 36:22 | Tree of Life |
| 36:40 | Staff of Teleportation |
| 37:03 | Orb of Fire |
| 38:30 | Tree of Ages |
| 38:34 | Wisp |
| 38:34 | Wisp |
| 38:35 | Wisp |
| 38:36 | Wisp |
| 38:36 | Wisp |
| 40:35 | Altar of Elders |
| 40:47 | Mana Burn |
| 40:52 | Tree of Ages |
| 40:58 | Ancient of Wonders |
| 42:12 | Boots of Speed |
| 43:20 | Tree of Eternity |
| 43:28 | Lesser Clarity Potion |
| 43:29 | Staff of Preservation |
| 43:30 | Scroll of Town Portal |
| 43:32 | Dust of Appearance |
| 43:43 | Tree of Eternity |
| 44:21 | Tree of Life |
| 45:16 | Nature's Blessing |
| 46:33 | Chimaera Roost |
| 46:33 | Chimaera Roost |
| 46:34 | Chimaera Roost |
| 46:39 | Wisp |
| 46:45 | Moon Well |
| 48:24 | Chimaera |
| 48:25 | Corrosive Breath |
| 49:32 | Lesser Clarity Potion |
| 50:24 | Chimaera |
| 50:32 | Moon Well |
| 51:41 | Chimaera |
| 51:43 | Chimaera |
| 51:49 | Moon Well |
| 52:06 | Chimaera |
| 52:08 | Chimaera |
| 52:47 | Orb of Venom |
| 53:25 | Chimaera |
| 55:13 | Forked Lightning |
| 55:39 | Scroll of Town Portal |
| 57:42 | Well Spring |
| 59:23 | Entangling Roots |
| Select group | 3664 |
| Right click | 2187 |
| Select | 1199 |
| Build/train/purchase | 180 |
| Assign group | 120 |
| Use ability | 109 |
| Misc. action | 104 |
| Esc | 12 |
| Item give/drop | 9 |
| Minimap ping | 4 |
139 units @ 14.3k
/ 2.3k
150 buildings @ 9.8k
/ 4.6k



| Boots of Speed | 4 | 1000 |
| total: | 4 | 1000g |
| Peasant | 20 | 1500 | / | 0 |
| Mortar Team | 6 | 1080 | / | 420 |
| Flying Machine | 37 | 3700 | / | 1110 |
| Dragonhawk Rider | 4 | 800 | / | 120 |
| total: | 67 | 7080g | / | 1650w |
| Scout Tower | 15 | 450 | / | 300 |
| Arcane Tower | 1 | 70 | / | 50 |
| Guard Tower | 5 | 350 | / | 250 |
| Altar of Kings | 3 | 540 | / | 150 |
| Farm | 15 | 1200 | / | 300 |
| Lumber Mill | 2 | 240 | / | 0 |
| Town Hall | 1 | 385 | / | 205 |
| Blacksmith | 1 | 140 | / | 60 |
| Arcane Vault | 1 | 130 | / | 30 |
| Workshop | 5 | 700 | / | 700 |
| Gryphon Aviary | 1 | 140 | / | 150 |
| Keep | 1 | 320 | / | 210 |
| Castle | 1 | 360 | / | 210 |
| total: | 44 | 3925g | / | 1895w |
| 0:02 | Peasant |
| 0:05 | Altar of Kings |
| 0:08 | Peasant |
| 0:17 | Peasant |
| 0:19 | Farm |
| 0:21 | Peasant |
| 0:34 | Lumber Mill |
| 0:35 | Peasant |
| 0:48 | Peasant |
| 0:57 | Farm |
| 1:01 | Scout Tower |
| 1:07 | Peasant |
| 1:36 | Arcane Tower |
| 1:44 | Improved Lumber Harvesting |
| 1:45 | Peasant |
| 1:53 | Peasant |
| 1:57 | Farm |
| 1:59 | Peasant |
| 2:14 | Storm Bolt |
| 2:22 | Peasant |
| 3:00 | Peasant |
| 3:03 | Scout Tower |
| 3:04 | Scout Tower |
| 3:06 | Peasant |
| 3:41 | Guard Tower |
| 3:42 | Peasant |
| 3:42 | Peasant |
| 3:43 | Improved Masonry |
| 3:47 | Town Hall |
| 3:58 | Scout Tower |
| 4:01 | Scout Tower |
| 4:02 | Scout Tower |
| 4:02 | Scout Tower |
| 4:06 | Peasant |
| 4:32 | Scout Tower |
| 5:14 | Guard Tower |
| 5:20 | Scout Tower |
| 5:21 | Scout Tower |
| 5:22 | Scout Tower |
| 5:43 | Keep |
| 5:57 | Scout Tower |
| 5:59 | Guard Tower |
| 6:15 | Peasant |
| 6:15 | Peasant |
| 6:16 | Peasant |
| 6:16 | Peasant |
| 6:32 | Guard Tower |
| 6:34 | Scout Tower |
| 6:34 | Scout Tower |
| 6:35 | Scout Tower |
| 7:08 | Blacksmith |
| 7:09 | Farm |
| 7:09 | Farm |
| 7:10 | Farm |
| 7:24 | Bash |
| 7:25 | Bash |
| 7:28 | Guard Tower |
| 8:04 | Castle |
| 8:20 | Black Gunpowder |
| 8:23 | Workshop |
| 8:24 | Workshop |
| 8:24 | Workshop |
| 8:29 | Workshop |
| 8:30 | Workshop |
| 9:18 | Holy Light |
| 9:25 | Refined Gunpowder |
| 9:27 | Farm |
| 9:27 | Farm |
| 9:44 | Flak Cannons |
| 9:44 | Flare |
| 9:48 | Farm |
| 9:52 | Advanced Lumber Harvesting |
| 9:52 | Advanced Masonry |
| 10:39 | Fragmentation Shards |
| 10:48 | Mortar Team |
| 11:02 | Iron Plating |
| 11:19 | Farm |
| 11:20 | Farm |
| 11:45 | Flying Machine |
| 11:45 | Flying Machine |
| 11:47 | Flying Machine Bombs |
| 11:47 | Flying Machine |
| 11:47 | Flying Machine |
| 11:48 | Flying Machine |
| 11:48 | Flying Machine |
| 14:34 | Flying Machine |
| 14:51 | Flying Machine |
| 14:51 | Flying Machine |
| 14:52 | Flying Machine |
| 14:52 | Flying Machine |
| 14:52 | Flying Machine |
| 14:52 | Flying Machine |
| 14:52 | Flying Machine |
| 15:42 | Flying Machine |
| 15:43 | Flying Machine |
| 15:43 | Flying Machine |
| 17:14 | Storm Bolt |
| 17:15 | Divine Shield |
| 17:38 | Farm |
| 17:39 | Farm |
| 17:40 | Farm |
| 17:41 | Farm |
| 17:42 | Flying Machine |
| 17:42 | Flying Machine |
| 19:07 | Mortar Team |
| 20:51 | Flying Machine |
| 20:51 | Flying Machine |
| 20:51 | Flying Machine |
| 20:51 | Flying Machine |
| 21:05 | Flying Machine |
| 21:05 | Flying Machine |
| 21:08 | Divine Shield |
| 21:09 | Divine Shield |
| 21:48 | Arcane Vault |
| 21:53 | Lumber Mill |
| 24:08 | Gryphon Aviary |
| 25:29 | Bash |
| 25:34 | Cloud |
| 25:34 | Dragonhawk Rider |
| 25:34 | Dragonhawk Rider |
| 26:20 | Altar of Kings |
| 26:22 | Altar of Kings |
| 27:23 | Flying Machine |
| 27:24 | Flying Machine |
| 27:25 | Flying Machine |
| 27:25 | Flying Machine |
| 27:48 | Imbued Gunpowder |
| 31:07 | Steel Plating |
| 31:30 | Storm Bolt |
| 32:01 | Boots of Speed |
| 32:01 | Boots of Speed |
| 32:55 | Mithril Plating |
| 33:07 | Boots of Speed |
| 33:07 | Boots of Speed |
| 33:14 | Dragonhawk Rider |
| 34:13 | Dragonhawk Rider |
| 37:39 | Storm Bolt |
| 39:31 | Brilliance Aura |
| 39:34 | Mortar Team |
| 39:35 | Mortar Team |
| 39:35 | Mortar Team |
| 45:16 | Holy Light |
| 47:06 | Avatar |
| 52:08 | Holy Light |
| 58:27 | Flying Machine |
| 58:27 | Flying Machine |
| 58:27 | Flying Machine |
| 58:28 | Flying Machine |
| 58:28 | Flying Machine |
| 58:28 | Flying Machine |
| 58:28 | Flying Machine |
| 58:28 | Flying Machine |
| 61:35 | Resurrection |
| 61:39 | Bash |
| 63:33 | Mortar Team |
| Right click | 4594 |
| Select group | 1554 |
| Select | 832 |
| Use ability | 273 |
| Build/train/purchase | 171 |
| Misc. action | 65 |
| Assign group | 29 |
| Resource trade | 14 |
| Minimap ping | 11 |
| Esc | 4 |
| Item give/drop | 3 |
| Remove unit | 2 |
GIGA
(207)
(66:16) : 


| Lesser Clarity Potion | 1 | 70 |
| Healing Salve | 1 | 100 |
| total: | 2 | 170g |
| Peasant | 23 | 1725 | / | 0 |
| total: | 23 | 1725g | / | 0w |
| Scout Tower | 82 | 2460 | / | 1640 |
| Arcane Tower | 12 | 840 | / | 600 |
| Guard Tower | 23 | 1610 | / | 1150 |
| Altar of Kings | 3 | 540 | / | 150 |
| Farm | 8 | 640 | / | 160 |
| Lumber Mill | 2 | 240 | / | 0 |
| Town Hall | 1 | 385 | / | 205 |
| Keep | 2 | 640 | / | 420 |
| Castle | 2 | 720 | / | 420 |
| total: | 96 | 4265g | / | 2155w |
| 0:04 | Peasant |
| 0:04 | Peasant |
| 0:08 | Altar of Kings |
| 0:16 | Farm |
| 0:18 | Farm |
| 0:22 | Lumber Mill |
| 0:23 | Peasant |
| 0:33 | Peasant |
| 0:50 | Farm |
| 0:57 | Peasant |
| 1:10 | Peasant |
| 1:24 | Improved Lumber Harvesting |
| 1:47 | Scout Tower |
| 1:53 | Peasant |
| 1:53 | Peasant |
| 1:53 | Peasant |
| 2:01 | Farm |
| 2:12 | Peasant |
| 2:12 | Peasant |
| 2:12 | Peasant |
| 2:17 | Arcane Tower |
| 2:18 | Scout Tower |
| 2:21 | Scout Tower |
| 2:22 | Scout Tower |
| 2:23 | Scout Tower |
| 2:23 | Scout Tower |
| 2:37 | Storm Bolt |
| 3:14 | Guard Tower |
| 3:29 | Peasant |
| 3:29 | Peasant |
| 3:29 | Peasant |
| 3:29 | Peasant |
| 3:31 | Improved Masonry |
| 3:41 | Scout Tower |
| 3:42 | Scout Tower |
| 3:56 | Peasant |
| 3:59 | Scout Tower |
| 4:01 | Scout Tower |
| 4:11 | Guard Tower |
| 4:34 | Peasant |
| 4:37 | Guard Tower |
| 4:38 | Arcane Tower |
| 4:43 | Guard Tower |
| 4:49 | Scout Tower |
| 4:53 | Scout Tower |
| 5:05 | Scout Tower |
| 5:19 | Healing Salve |
| 5:24 | Lesser Clarity Potion |
| 5:29 | Keep |
| 5:36 | Guard Tower |
| 5:39 | Scout Tower |
| 6:00 | Arcane Tower |
| 6:03 | Scout Tower |
| 6:04 | Scout Tower |
| 6:04 | Scout Tower |
| 6:08 | Scout Tower |
| 6:09 | Scout Tower |
| 6:09 | Scout Tower |
| 6:15 | Scout Tower |
| 6:15 | Scout Tower |
| 6:16 | Scout Tower |
| 6:17 | Scout Tower |
| 6:17 | Scout Tower |
| 6:18 | Scout Tower |
| 6:37 | Arcane Tower |
| 6:38 | Arcane Tower |
| 7:17 | Arcane Tower |
| 7:19 | Scout Tower |
| 7:20 | Scout Tower |
| 7:21 | Scout Tower |
| 7:22 | Scout Tower |
| 7:23 | Scout Tower |
| 7:24 | Scout Tower |
| 7:25 | Scout Tower |
| 7:26 | Scout Tower |
| 7:29 | Guard Tower |
| 7:49 | Farm |
| 7:50 | Farm |
| 7:51 | Farm |
| 7:54 | Castle |
| 7:59 | Advanced Masonry |
| 8:11 | Guard Tower |
| 8:16 | Scout Tower |
| 8:17 | Scout Tower |
| 8:51 | Holy Light |
| 9:03 | Guard Tower |
| 9:20 | Arcane Tower |
| 9:21 | Guard Tower |
| 9:27 | Lumber Mill |
| 9:35 | Guard Tower |
| 9:38 | Guard Tower |
| 9:46 | Guard Tower |
| 10:06 | Scout Tower |
| 10:08 | Scout Tower |
| 10:18 | Guard Tower |
| 11:06 | Town Hall |
| 11:17 | Guard Tower |
| 11:21 | Arcane Tower |
| 11:22 | Guard Tower |
| 14:39 | Altar of Kings |
| 14:40 | Farm |
| 15:55 | Altar of Kings |
| 16:00 | Storm Bolt |
| 16:03 | Peasant |
| 16:04 | Peasant |
| 17:46 | Scout Tower |
| 17:47 | Scout Tower |
| 17:48 | Scout Tower |
| 17:49 | Scout Tower |
| 17:49 | Scout Tower |
| 17:50 | Scout Tower |
| 17:51 | Scout Tower |
| 17:52 | Scout Tower |
| 17:52 | Scout Tower |
| 17:53 | Scout Tower |
| 17:54 | Scout Tower |
| 17:54 | Scout Tower |
| 19:14 | Guard Tower |
| 21:06 | Guard Tower |
| 21:11 | Peasant |
| 21:11 | Peasant |
| 21:11 | Peasant |
| 21:58 | Scout Tower |
| 21:59 | Scout Tower |
| 21:59 | Scout Tower |
| 22:00 | Scout Tower |
| 22:01 | Scout Tower |
| 22:01 | Scout Tower |
| 22:02 | Scout Tower |
| 22:03 | Scout Tower |
| 22:04 | Scout Tower |
| 22:55 | Bash |
| 28:50 | Holy Light |
| 32:17 | Arcane Tower |
| 32:19 | Arcane Tower |
| 32:34 | Arcane Tower |
| 32:36 | Guard Tower |
| 34:50 | Devotion Aura |
| 35:12 | Keep |
| 46:02 | Avatar |
| 46:05 | Holy Light |
| 47:35 | Scout Tower |
| 47:36 | Scout Tower |
| 47:37 | Scout Tower |
| 47:38 | Scout Tower |
| 47:39 | Scout Tower |
| 47:40 | Scout Tower |
| 47:40 | Scout Tower |
| 49:34 | Guard Tower |
| 49:49 | Scout Tower |
| 49:50 | Scout Tower |
| 49:51 | Scout Tower |
| 49:51 | Scout Tower |
| 49:52 | Scout Tower |
| 49:52 | Scout Tower |
| 51:17 | Guard Tower |
| 54:26 | Blizzard |
| 55:04 | Castle |
| 55:20 | Resurrection |
| 55:23 | Guard Tower |
| 57:41 | Imbued Masonry |
| 57:51 | War Stomp |
| 59:20 | Bash |
| 63:48 | Scout Tower |
| 63:50 | Scout Tower |
| 63:50 | Scout Tower |
| 63:56 | Scout Tower |
| 63:56 | Scout Tower |
| 64:01 | Scout Tower |
| 64:01 | Scout Tower |
| 64:02 | Scout Tower |
| 64:02 | Scout Tower |
| 64:03 | Scout Tower |
| 64:50 | Arcane Tower |
| 65:06 | Guard Tower |
| 65:10 | Guard Tower |
| Right click | 5828 |
| Select group | 3402 |
| Select | 651 |
| Build/train/purchase | 103 |
| Use ability | 65 |
| Resource trade | 56 |
| Assign group | 36 |
| Minimap ping | 18 |
| Misc. action | 16 |
| Esc | 3 |


| Healing Salve | 2 | 200 |
| Lesser Clarity Potion | 7 | 490 |
| Orb of Lightning | 1 | 375 |
| Potion of Mana | 12 | 2400 |
| Potion of Healing | 7 | 1050 |
| Tiny Great Hall | 3 | 1800 |
| Boots of Speed | 1 | 250 |
| Staff of Teleportation | 1 | 150 |
| Circlet of Nobility | 1 | 175 |
| total: | 35 | 6890g |
| Peon | 26 | 1950 | / | 0 |
| Kodo Beast | 2 | 510 | / | 120 |
| Troll Witch Doctor | 16 | 2320 | / | 400 |
| Shaman | 3 | 390 | / | 60 |
| Raider | 2 | 360 | / | 80 |
| total: | 49 | 5530g | / | 660w |
| Altar of Storms | 1 | 180 | / | 50 |
| War Mill | 1 | 205 | / | 0 |
| Orc Burrow | 5 | 800 | / | 200 |
| Voodoo Lounge | 1 | 130 | / | 30 |
| Spirit Lodge | 1 | 150 | / | 150 |
| Beastiary | 1 | 145 | / | 140 |
| Stronghold | 1 | 315 | / | 190 |
| Fortress | 1 | 325 | / | 190 |
| total: | 10 | 1610g | / | 570w |
| 0:03 | Altar of Storms |
| 0:05 | Peon |
| 0:15 | Peon |
| 0:37 | Peon |
| 0:46 | War Mill |
| 0:48 | Peon |
| 1:12 | Orc Burrow |
| 1:17 | Peon |
| 1:17 | Peon |
| 1:39 | Peon |
| 2:10 | Peon |
| 2:14 | Orc Burrow |
| 3:04 | Wind Walk |
| 3:13 | Voodoo Lounge |
| 3:20 | Peon |
| 3:20 | Peon |
| 3:55 | Stronghold |
| 3:57 | Spiked Barricades |
| 4:16 | Healing Salve |
| 4:16 | Lesser Clarity Potion |
| 4:54 | Boots of Speed |
| 4:54 | Staff of Teleportation |
| 7:20 | Fortress |
| 7:22 | Spirit Lodge |
| 7:25 | Beastiary |
| 7:42 | Healing Salve |
| 7:48 | Reinforced Defenses |
| 8:54 | Witch Doctor Adept Training |
| 8:55 | Kodo Beast |
| 9:07 | Critical Strike |
| 9:44 | Lesser Clarity Potion |
| 9:47 | Orb of Lightning |
| 9:56 | Witch Doctor Master Training |
| 10:16 | Improved Spiked Barricades |
| 11:13 | Wind Walk |
| 11:27 | Potion of Mana |
| 11:29 | Lesser Clarity Potion |
| 11:40 | War Drums Damage Increase |
| 11:42 | Troll Witch Doctor |
| 11:42 | Troll Witch Doctor |
| 11:42 | Troll Witch Doctor |
| 11:42 | Troll Witch Doctor |
| 12:36 | Orc Burrow |
| 14:38 | Kodo Beast |
| 15:43 | Shaman Adept Training |
| 16:01 | Troll Witch Doctor |
| 16:02 | Troll Witch Doctor |
| 16:02 | Troll Witch Doctor |
| 17:07 | Critical Strike |
| 18:25 | Circlet of Nobility |
| 18:51 | Potion of Healing |
| 18:52 | Potion of Mana |
| 19:47 | Potion of Healing |
| 20:54 | Potion of Mana |
| 21:02 | Lesser Clarity Potion |
| 22:29 | Wind Walk |
| 25:05 | Bladestorm |
| 25:14 | Potion of Healing |
| 25:16 | Potion of Mana |
| 25:57 | Troll Witch Doctor |
| 25:57 | Troll Witch Doctor |
| 25:57 | Troll Witch Doctor |
| 25:57 | Troll Witch Doctor |
| 25:58 | Shaman Master Training |
| 25:59 | Shaman |
| 25:59 | Shaman |
| 26:14 | Tiny Great Hall |
| 26:50 | Peon |
| 26:51 | Peon |
| 26:51 | Peon |
| 26:51 | Peon |
| 26:51 | Peon |
| 27:38 | Potion of Healing |
| 27:38 | Potion of Mana |
| 29:40 | Potion of Mana |
| 31:41 | Critical Strike |
| 34:51 | Potion of Mana |
| 34:52 | Potion of Healing |
| 35:22 | Tiny Great Hall |
| 36:57 | Troll Witch Doctor |
| 36:57 | Troll Witch Doctor |
| 37:05 | Peon |
| 37:05 | Peon |
| 37:05 | Peon |
| 37:06 | Peon |
| 37:06 | Peon |
| 37:29 | Troll Witch Doctor |
| 38:59 | Peon |
| 41:59 | Mirror Image |
| 42:18 | Potion of Healing |
| 42:18 | Potion of Mana |
| 42:24 | Peon |
| 42:24 | Peon |
| 42:25 | Peon |
| 42:25 | Peon |
| 42:25 | Peon |
| 42:49 | Endurance Aura |
| 43:36 | Potion of Mana |
| 43:37 | Tiny Great Hall |
| 44:21 | Potion of Mana |
| 44:23 | Lesser Clarity Potion |
| 50:04 | Potion of Mana |
| 50:07 | Lesser Clarity Potion |
| 51:38 | Shaman |
| 51:40 | Ensnare |
| 51:41 | Raider |
| 53:34 | Mirror Image |
| 54:14 | Orc Burrow |
| 55:10 | Troll Witch Doctor |
| 55:10 | Troll Witch Doctor |
| 56:25 | Steel Armor |
| 56:46 | Mirror Image |
| 57:40 | Thorium Armor |
| 59:10 | Orc Burrow |
| 60:47 | Arcanite Armor |
| 62:27 | Raider |
| 63:38 | Brilliance Aura |
| 64:09 | Potion of Mana |
| 64:10 | Potion of Healing |
| 64:13 | Lesser Clarity Potion |
| Right click | 3610 |
| Select group | 432 |
| Select | 341 |
| Build/train/purchase | 305 |
| Misc. action | 265 |
| Resource trade | 73 |
| Use ability | 53 |
| Item give/drop | 32 |
| Chat | 12 |
| Assign group | 9 |
| Remove unit | 2 |
| Minimap ping | 1 |